 Dungeon Crawl Stone Soup version 0.31-a0-355-g57cb03d3e8 (webtiles) character file.

Game seed: 9194093356255427261

18736 Turgor the Mimic (level 12, -8/103 HPs)
             Began as a Demigod Shapeshifter on July 24, 2023.
             Mangled by a green ugly thing (12 damage)
             ... on level 9 of the Dungeon.
             The game lasted 00:47:58 (11738 turns).

Turgor the Mimic (Demigod Shapeshifter)            Turns: 11738, Time: 00:47:58

Health: -8/103     AC: 11    Str: 30    XL:     12   Next: 4%
Magic:  15/15      EV: 10    Int: 18    God:
Gold:   707        SH:  0    Dex: 20    Spells: 11/11 levels left

rFire   . .          .
                       - Unarmed
rCold   . . .        (no shield)
rNeg    . . .        A - +3 chain mail {rPois}
rPois   +            (helmet currently unavailable)
rElec   .            (cloak currently unavailable)
rCorr   .            (gloves currently unavailable)
SInv    .            (boots currently unavailable)
Will    +....        p - amulet of the acrobat Stlth
                     U - +6 ring of strength
HPRegen 0.37/turn    P - +6 ring of dexterity
MPRegen 0.14/turn

%: acrobat
@: about to teleport, beast-form
A: beast (slay +7), high MP 1, forlorn, divine attributes
a: Begin Untransformation


You were on level 9 of the Dungeon.
You were a hulking beast.
You visited 1 branch of the dungeon, and saw 9 of its levels.
You also visited: Ossuary and Bailey.

You collected 707 gold pieces.

Inventory:

Hand Weapons
 g - a +4 dagger of distortion
 s - a +0 dagger of speed
 x - a +0 broad axe
 S - a +0 sling of electrocution
 W - a +5 war axe of freezing
Missiles
 f - 14 boomerangs
 u - 3 javelins
 K - 15 poisoned darts (quivered)
 V - a curare-tipped dart
Armour
 a - a +0 pair of boots
 t - the +2 pair of gloves of the Shrike {Dex+2}
   (You found it on level 8 of the Dungeon)

   Dex:       It affects your dexterity (+2).
 A - a +3 chain mail of poison resistance (worn)
 Q - a scarf of resistance
Magical Staves
 m - a staff of fire
Jewellery
 p - an amulet of the acrobat (around neck)
 F - a ring of protection from fire
 G - a ring of see invisible
 H - a ring of ice
 O - a +5 ring of evasion
 P - a +6 ring of dexterity (right hand)
 U - a +6 ring of strength (left hand)
Talismans
 c - a beast talisman
Wands
 y - a wand of paralysis (1)
 L - a wand of mindburst (14)
 T - a wand of polymorph (6)
Scrolls
 i - a scroll of teleportation
 j - 2 scrolls of enchant armour {unknown}
 l - 4 scrolls of fog
 o - 2 scrolls of enchant weapon {unknown}
 r - 2 scrolls of fear
 v - 2 scrolls of noise {unknown}
 w - 3 scrolls of summoning {unknown}
 B - a scroll of vulnerability {unknown}
 E - 2 scrolls of acquirement {unknown}
 R - a scroll of amnesia {unknown}
 Z - 3 scrolls of revelation
Potions
 b - 2 potions of lignification
 d - 4 potions of haste
 h - 4 potions of curing
 k - 2 potions of enlightenment
 n - 2 potions of might
 q - 4 potions of mutation
 z - a potion of ambrosia
 C - 2 potions of magic
 D - 2 potions of brilliance {unknown}
 I - 4 potions of resistance {unknown}
 J - 3 potions of degeneration {unknown}
 M - a potion of cancellation {unknown}
 Y - a potion of heal wounds
Miscellaneous
 e - a condenser vane (inert)


   Skills:
 + Level 8.9 Fighting
 + Level 2.4 Armour
 + Level 2.3 Dodging
 * Level 10.9 Unarmed Combat
 + Level 10.9 Shapeshifting


You had 11 spell levels left.
You didn't know any spells.
Your spell library contained the following spells:

 Spells                   Type           Power      Damage    Failure   Level
 Sting                    Tmut/Pois      0%         1d3       67%         1
 Lesser Beckoning         Tloc           0%         N/A       80%         2
 Poisonous Vapours        Pois/Air       0%         N/A       80%         2
 Frozen Ramparts          Ice            0%         1d1       95%         3
 Gell's Gravitas          Tloc           0%         N/A       95%         3
 Teleport Other           Tloc           0%         N/A       95%         3
 Olgreb's Toxic Radiance  Pois           0%         N/A       100%        4
 Passage of Golubria      Tloc           0%         N/A       100%        4
 Petrify                  Tmut/Erth      0%         N/A       100%        4
 Metabolic Englaciation   Hex/Ice        0%         N/A       100%        5
 Silence                  Hex/Air        0%         N/A       100%        5
 Lehudib's Crystal Spear  Conj/Erth      0%         10d2      100%        8


Dungeon Overview and Level Annotations

Branches:
Dungeon (9/15)             Temple (0/1) D:7            Lair (0/5) D:8
    Orc (0/2) D:9         Ossuary (visited)          Bailey (visited)

Shops:
D:9 ([


Innate Abilities, Weirdness & Mutations

You are a hulking beast.
Your limbs bulge with bestial killing power. (Slay +7)
You have an increased reservoir of magic. (+10% MP)
You shall have no god before yourself.
Your divine heritage dramatically boosts your attributes as you level up.


Message History

Unknown command.
You punch the centaur warrior!
The centaur warrior is lightly wounded.
The centaur warrior hits you.
The centaur warrior kicks you but does no damage.
Unknown command.
You punch the centaur warrior! x2
The centaur warrior is severely wounded.
The centaur warrior closely misses you.
The centaur warrior kicks you but does no damage.
The green ugly thing kicks you. The centaur warrior hits you.
The centaur warrior kicks you.
Unknown command.
You barely miss the centaur warrior.
The centaur warrior is severely wounded.
The green ugly thing closely misses you.
The centaur warrior hits you. The centaur warrior barely misses you.
You pummel the centaur warrior!!
You kill the centaur warrior!
The green ugly thing kicks you!
You are poisoned.
The green ugly thing poisons you!
You have reached level 12!
Your experience leads to a dramatic increase in your attributes!
Your base attributes are Str 24, Int 14, Dex 14.
Increase (S)trength, (I)ntelligence, or (D)exterity?
You feel clever. x4
Unknown command.
As you read the scroll of teleportation, it crumbles to dust.
You feel strangely unstable.
* * * LOW HITPOINT WARNING * * *
You feel extremely sick.
The skeletal warrior hits you with a +0 broad axe!!
* * * LOW HITPOINT WARNING * * *
The green ugly thing barely misses you.
You feel better.
The skeletal warrior hits you with a +0 broad axe!
* * * LOW HITPOINT WARNING * * *
The green ugly thing kicks you!
You die...

.##รท#.[......#......###
....).................######
###.#########.#####........#
..#....##[z##. #....#.#.#
#.###.#.#.c#.# #....#.#.#
)#...#..###.#.# #.#..#.#.#
#.....####.#.#c# ##....#.#.#
#..#).# ..#.#.#u#....>.#.#.####
#.....# #.#.#.#h##....#.#....###
.#...#..# #.#.#z###......####....
#.###.#.# #.#.#.c#............##
....#..## #.##c)#..#.........##
###.#########.#####..#......#..##
........##.#...#.##......#.....##
.######.#...#.#...#..#.#.####.###
#.###.#.##.#.#.#.##....#.# #.#
##.#.##.#.#.....#.#.#....# #.#


You could see a green ugly thing, a skeletal warrior and a centaur warrior.

Vanquished Creatures
  An orc warlord (Bailey)
  2 centaur warriors (D:9)
  Pikel (D:5)
  Maggie (D:7)
  Joseph (D:9)
  An unseen horror zombie (D:8)
  A troll (D:8)
  A hornet (D:9)
  A shadow (D:9)
  Sigmund (D:2)
  6 wyverns
  A wraith (D:9)
  A basilisk (D:8)
  10 yaks
  6 steam dragons
  Duvessa (D:5)
  4 water moccasins
  A sky beast (D:6)
  2 hornet zombies (D:8)
  14 orc warriors
  2 ice beasts
  2 black bears (D:8)
  2 ogres
  2 wolves (D:8)
  4 centaurs
  2 lemures
  2 phantoms (D:6)
  2 kobold brigands
  A bullfrog (D:7)
  A gnoll sergeant (D:9)
  5 water moccasin zombies (Ossuary)
  2 scorpions
  10 wights
  Dowan (D:5)
  7 killer bees (D:9)
  2 centaur zombies (D:8)
  3 jellies
  2 orc priests
  2 hounds
  3 iguanas
  2 sleepcaps
  5 orc wizards
  2 killer bee zombies (D:8)
  2 mummies (Ossuary)
  A howler monkey zombie (D:8)
  12 gnolls
  6 adders
  2 white imps
  An ufetubus (D:5)
  2 adder zombies (Ossuary)
  A worm (D:3)
  A dart slug (D:3)
  26 orcs
  5 ball pythons
  3 endoplasms
  5 giant cockroaches
  3 gnoll zombies (Ossuary)
  22 goblins
  17 hobgoblins
  9 jackals
  5 quokkas
  8 bats
  2 frilled lizards (D:1)
  3 hobgoblin zombies (Ossuary)
  15 kobolds
  7 kobold zombies (Ossuary)
  5 orc zombies (Ossuary)
  11 rats
297 creatures vanquished.

Vanquished Creatures (others)
  A jelly (D:6)
  A white imp (D:6)
  An orc (D:6)
3 creatures vanquished.

Grand Total: 300 creatures vanquished

Notes
Turn   | Place    | Note
-------+----------+-------------------------------------------
     0 | D:1      | Turgor the Demigod Shapeshifter began the quest for the
                  | Orb.
     0 | D:1      | Reached XP level 1. HP: 15/15 MP: 3/3
   155 | D:1      | Reached skill level 1 in Fighting
   205 | D:1      | Reached XP level 2. HP: 20/23 MP: 4/4
   698 | D:1      | Reached XP level 3. HP: 24/28 MP: 5/5
   915 | D:2      | Noticed Sigmund
  1245 | D:3      | Noticed a moth of wrath
  1386 | D:2      | Reached XP level 4. HP: 35/35 MP: 6/6
  1411 | D:2      | Killed Sigmund
  1412 | D:2      | Reached skill level 1 in Armour
  1412 | D:2      | Reached XP level 5. HP: 30/41 MP: 7/7
  2145 | D:3      | Identified the +0 ring mail "Geel" {Dex+5}
  2847 | D:4      | Reached XP level 6. HP: 43/49 MP: 8/8
  3647 | D:5      | Entered Level 5 of the Dungeon
  3647 | D:5      | Noticed Pikel
  3735 | D:5      | Found a sand-covered staircase.
  3744 | Ossuary  | Entered an ossuary
  3875 | Ossuary  | Reached skill level 5 in Unarmed Combat
  3885 | Ossuary  | Reached XP level 7. HP: 42/56 MP: 9/9
  4196 | D:5      | Noticed Duvessa
  4213 | D:5      | Killed Duvessa
  4236 | D:5      | Noticed Dowan
  4291 | D:5      | Killed Dowan
  4292 | D:5      | Reached skill level 5 in Shapeshifting
  4599 | D:5      | Killed Pikel
  4600 | D:5      | Reached XP level 8. HP: 50/66 MP: 10/10
  5251 | D:6      | Reached XP level 9. HP: 47/73 MP: 11/11
  5267 | D:6      | Reached skill level 5 in Fighting
  5878 | D:7      | Identified the +2 falchion "Niont" {venom, Str+6 Int+3
                  | Dex-2}
  6374 | D:7      | Found a staircase to the Ecumenical Temple.
  6647 | D:7      | Noticed Maggie
  6718 | D:7      | Killed Maggie
  6996 | D:8      | Found a flagged portal.
  7056 | Bailey   | Entered a bailey
  7580 | Bailey   | Noticed an orc warlord
  7585 | Bailey   | Reached XP level 10. HP: 22/83 MP: 13/13
  7869 | Bailey   | Killed an orc warlord
  8121 | Bailey   | Reached skill level 10 in Shapeshifting
  8121 | Bailey   | Reached XP level 11. HP: 94/94 MP: 14/14
  8820 | D:8      | Reached skill level 10 in Unarmed Combat
  8969 | D:8      | Found a staircase to the Lair.
  9620 | D:8      | Identified the +2 pair of gloves of the Shrike {Dex+2}
 10385 | D:9      | Noticed Joseph
 10392 | D:9      | Killed Joseph
 11246 | D:9      | Found Bumpum's Armour Emporium.
 11249 | D:9      | Found a staircase to the Orcish Mines.
 11341 | D:9      | Found Uliexkegh's Weapon Emporium.
 11356 | D:9      | Identified the +6 spear of Pumovu {pain, *Slow Will+ Dex+3}
 11430 | D:9      | Noticed Psyche
 11432 | D:9      | Psyche changed into Psyche the scorpion
 11432 | D:9      | Noticed Psyche
 11435 | D:9      | Killed Psyche the scorpion
 11727 | D:9      | Noticed a centaur warrior
 11727 | D:9      | Noticed a skeletal warrior
 11727 | D:9      | Noticed a centaur warrior
 11727 | D:9      | Noticed a centaur warrior
 11731 | D:9      | Killed a centaur warrior
 11736 | D:9      | Killed a centaur warrior
 11737 | D:9      | Reached XP level 12. HP: 37/103 MP: 15/15
 11737 | D:9      | HP: 5/103 [skeletal warrior/+0 broad axe (24)]
 11738 | D:9      | Mangled by a green ugly thing

Illustrated notes

Levels and vault maps discovered:
D:1:      lightli_arrival_windingriver, layout_loops_ring,
          basic_ecumenical_altar
D:2:      layout_basic, nicolae_twisty_statue_hallways, uniq_sigmund
D:3:      layout_loops_ring, tgw_trog
D:4:      layout_basic, item_on_display_b
D:5:      layout_rooms, fedhas_ov_isle_minmay, nicolae_ossuary_entry_monument,
          uniq_duvessa, uniq_pikel
D:6:      layout_rooms, good_gods_temple_1, mainiacjoe_overflow_tiny_flanked,
          st_stairs_9, minmay_door_square, minmay_misc_feat_enclosed
D:7:      layout_basic, minmay_temple_entry_arrows, uniq_maggie
D:8:      layout_loops_ring, mainiacjoe_overflow_alcove_4,
          nicolae_yredelemnul_corpse_copse, minmay_lair_entry_grove,
          enter_bailey_5, minmay_puff
D:9:      layout_basic, mainiacjoe_overflow_alcove_2, orc_david_3,
          minmay_the_grid_2x2 [minmay_the_grid_spin_star, minmay_the_grid_box_x,
          minmay_the_grid_diamond_grid,
          minmay_the_grid_prize_four_corners_diamond_b], uniq_erica,
          uniq_joseph, uniq_psyche

Skill      XL: |  1  2  3  4  5  6  7  8  9 10 11 |
---------------+----------------------------------+-----
Fighting       | 1 2 4 6 8 |  8.9
Dodging        | 2 |  2.3
Unarmed Combat | 3 4 5 6 7 9 10 | 10.9
Shapeshifting  | 3 4 5 6 7 10 | 10.9
Armour         | 1 2 |  2.4

Action                     |  1- 3 |  4- 6 |  7- 9 | 10-12 || total
---------------------------+-------+-------+-------+-------++-------
  Melee: Unarmed           |   141 |   180 |   325 |   277 ||   923
         Punch             |     3 |     5 |    22 |    21 ||    51
   Fire: Sling             |       |       |     1 |       ||     1
  Throw: Dart              |       |       |    19 |    13 ||    32
  Evoke: Wand              |       |       |     3 |     8 ||    11
         Condenser vane    |       |       |       |     1 ||     1
    Use: Scroll            |     3 |     4 |     8 |     5 ||    20
         Potion            |       |     1 |     5 |     3 ||     9
   Stab: Sleeping          |       |       |     1 |       ||     1
         Confused          |       |       |       |     3 ||     3
         Paralysed         |       |       |       |     2 ||     2
 Armour: Animal skin       |     6 |       |       |       ||     6
         Chain mail        |    61 |    54 |    42 |     4 ||   161
         Ring mail         |       |     8 |       |       ||     8
         Leather armour    |       |       |    12 |    26 ||    38
  Dodge: Dodged            |    69 |    53 |   131 |   166 ||   419

Table legend: (Time is in decaauts)
 A = Elapsed time spent in this place.
 B = Non-inter-level travel time spent in this place.
 C = Inter-level travel time spent in this place.
 D = Time resting spent in this place.
 E = Time spent auto-exploring this place.
 F = Levels seen in this place.
 G = Mean time per level.
                   A        B        C        D        E       F      G
               +--------+--------+--------+--------+--------+-----+--------+
         Total |  11635 |  11340 |    295 |   1727 |   6644 |  11 | 1057.7 |
       Dungeon |  10250 |   9955 |    295 |   1201 |   6429 |   9 | 1138.9 |
       Ossuary |    283 |    283 |      0 |     92 |      0 |   1 |  283.0 |
        Bailey |   1101 |   1101 |      0 |    434 |    215 |   1 | 1101.0 |
               +--------+--------+--------+--------+--------+-----+--------+

Top non-repeatable levels by time:
     D:8: 2675 daAuts
     D:7: 1210 daAuts
  Bailey: 1101 daAuts
     D:4: 1043 daAuts
     D:3: 1023 daAuts
     D:6: 965 daAuts
     D:9: 941 daAuts
     D:1: 855 daAuts
     D:5: 805 daAuts
     D:2: 728 daAuts
 Ossuary: 283 daAuts
